 Dungeon Crawl Stone Soup version 0.30.0-29-ga12c61a403 (webtiles) character file.

Game seed: 5582656969605427849

214057 McKennaii the Eclecticist (level 17, -7/134 HPs)
             Began as a Demigod Conjurer on June 7, 2023.
             Hit by a silver javelin thrown by a merfolk javelineer (17 damage)
             ... on level 4 of the Shoals.
             The game lasted 01:18:16 (49016 turns).

McKennaii the Eclecticist (Demigod Conjurer)       Turns: 49016, Time: 01:18:17

Health: -7/134     AC: 14    Str: 16      XL:     17   Next: 66%
Magic:  27/45      EV: 13    Int: 40 (42) God:
Gold:   876        SH:  0    Dex: 14      Spells: 26/52 levels left

rFire   + . .        Q - staff of conjuration
rCold   . . .        (no shield)
rNeg    . . .        T - +5 leather armour "Zakhexupp" {rPois Will+ Dex+2}
rPois   +            G - +2 hat of Thoughtfulness {+Blink}
rElec   .            H - +2 cloak {Will+}
rCorr   +            (no gloves)
SInv    .            B - -1 pair of boots of Proximity {rF+ Str+4}
Will    ++++.        N - amulet of magic regeneration
Stlth   ++           e - +6 ring of intelligence
HPRegen 0.42/turn    n - ring "Touney Ugieth" {Wiz Will+ rCorr}
MPRegen 0.69/turn

%: wizardry (x1)
@: no status effects
A: high MP 1, forlorn, divine attributes
}: 1/15 runes: serpentine
a: Evoke Blink


You were on level 4 of the Shoals.
You visited 5 branches of the dungeon, and saw 30 of its levels.
You also visited: Sewer.

You collected 2643 gold pieces.
You spent 1767 gold pieces at shops.

Inventory:

Hand Weapons
 x - the +5 dagger of Yredelemnul, Shrinking {freeze, rElec rN+++ Dex-5 Stlth+}
   (You found it on level 5 of the Lair of Beasts)

   Dex:       It affects your dexterity (-5).
   rElec:     It insulates you from electricity.
   rN:        It renders you almost immune to negative energy.
   Stlth:     It makes you more stealthy.
Armour
 d - a +0 tower shield of protection
 B - the -1 pair of boots of Proximity (worn) {rF+ Str+4}
   (You bought it in a shop on level 2 of the Snake Pit)

   Str:       It affects your strength (+4).
   rF:        It protects you from fire.
 D - a +2 kite shield of poison resistance
 G - the +2 hat of Thoughtfulness (worn) {+Blink}
   (You found it on level 2 of the Orcish Mines)

   +Blink:    It lets you blink.
 H - a +2 cloak of willpower (worn)
 T - the +5 leather armour "Zakhexupp" (worn) {rPois Will+ Dex+2}
   (You took it off a deep elf archer on level 13 of the Dungeon)

   Dex:       It affects your dexterity (+2).
   rPois:     It protects you from poison.
   Will:      It increases your willpower.
Magical Staves
 Q - a staff of conjuration (weapon)
Jewellery
 e - a +6 ring of intelligence (left hand)
 f - a ring of see invisible
 n - the ring "Touney Ugieth" (right hand) {Wiz Will+ rCorr}
   (You bought it in a shop on level 2 of the Orcish Mines)

   [ring of wizardry]

   It improves your spell success rate.
   rCorr:     It protects you from acid and corrosion.
   Will:      It increases your willpower.
 t - a ring of positive energy
 w - a ring of resist corrosion
 I - a ring of flight
 L - a ring of protection from fire
 N - an amulet of magic regeneration (around neck)
 X - a ring of protection from cold
Wands
 o - a wand of acid (12)
 q - a wand of mindburst (45)
 C - a wand of polymorph (22)
 F - a wand of flame (76)
 J - a wand of iceblast (16)
 O - a wand of paralysis (18)
 S - a wand of digging (5)
Scrolls
 a - 4 scrolls of amnesia
 c - 9 scrolls of teleportation
 k - 6 scrolls of fog
 m - a scroll of poison
 y - 2 scrolls of summoning
 A - a scroll of silence
 E - 6 scrolls of enchant weapon
 M - 2 scrolls of immolation
 V - 2 scrolls of magic mapping
 W - 4 scrolls of enchant armour
 Z - 4 scrolls of fear
Potions
 b - 4 potions of magic
 h - 4 potions of invisibility
 j - 3 potions of ambrosia
 l - a potion of experience
 p - 5 potions of attraction
 r - 6 potions of haste
 s - 4 potions of mutation
 u - 7 potions of flight
 v - 4 potions of cancellation
 z - 14 potions of curing
 K - 2 potions of berserk rage
 P - a potion of lignification {unknown}
 R - 5 potions of might {unknown}
 U - a potion of brilliance {unknown}
 Y - 3 potions of resistance {unknown}


   Skills:
 - Level 8.0 Fighting
 - Level 5.0 Armour
 - Level 5.0 Dodging
 - Level 1.7 Stealth
 + Level 18.3 Spellcasting
 - Level 18.0 Conjurations
 * Level 12.2 Summonings
 - Level 5.0 Earth Magic


You had 26 spell levels left.
You knew the following spells:

 Your Spells              Type           Power      Damage    Failure   Level
a - Magic Dart            Conj           100%       1d8       0%          1
b - Searing Ray           Conj           100%       2d8       0%          2
c - Iskenderun's Mystic   Conj/Tloc      100%       2d19      1%          4
d - Iron Shot             Conj/Erth      57%        9d11      1%          6
f - Freezing Cloud        Conj/Ice/Air   45%        6-21      1%          5
t - Summon Horrible Thin  Summ           47%        N/A       16%         8

Your spell library contained the following spells:

 Spells                   Type           Power      Damage    Failure   Level
 Foxfire                  Conj/Fire      100%       2x1d9     0%          1
 Summon Small Mammal      Summ           100%       N/A       0%          1
 Call Imp                 Summ           100%       N/A       0%          2
 Call Canine Familiar     Summ           94%        N/A       0%          3
 Stone Arrow              Conj/Erth      100%       3d13      0%          3
 Iskenderun's Battlesphe  Conj           100%       2d15      0%          5
 Apportation              Tloc           72%        N/A       1%          1
 Necrotise                Necr           100%       1d9       1%          1
 Sandblast                Erth           100%       2d20      1%          1
 Blink                    Tloc           72%        N/A       1%          2
 Lesser Beckoning         Tloc           72%        N/A       1%          2
 Momentum Strike          Conj/Tloc      100%       3d10      1%          2
 Passwall                 Tmut/Erth      45%        N/A       1%          2
 Poisonous Vapours        Pois/Air       72%        N/A       1%          2
 Sublimation of Blood     Necr           36%        N/A       1%          2
 Dazzling Flash           Conj/Hex       100%       N/A       1%          3
 Mephitic Cloud           Conj/Pois/Air  91%        N/A       1%          3
 Portal Projectile        Hex/Tloc       72%        N/A       1%          3
 Summon Guardian Golem    Hex/Summ       71%        N/A       1%          3
 Fulminant Prism          Conj/Hex       52%        3d22      1%          4
 Leda's Liquefaction      Hex/Erth       27%        N/A       1%          4
 Petrify                  Tmut/Erth      54%        N/A       1%          4
 Fireball                 Conj/Fire      52%        3d20      1%          5
 Irradiate                Conj/Tmut      52%        3d29      1%          5
 Starburst                Conj/Fire      52%        6d14      1%          6
 Spellforged Servitor     Conj/Summ      62%        N/A       1%          7
 Anguish                  Hex/Necr       18%        N/A       3%          4
 Cause Fear               Hex            18%        N/A       3%          4
 Metabolic Englaciation   Hex/Ice        18%        N/A       10%         5
 Statue Form              Tmut/Erth      36%        N/A       19%         6
 Malign Gateway           Summ/Tloc      35%        N/A       24%         7
 Plasma Beam              Fire/Air       18%        2x1d32    45%         6
 Enfeeble                 Hex            18%        N/A       95%         7


Dungeon Overview and Level Annotations

Branches:
Dungeon (15/15)            Temple (0/1) D:4            Lair (5/5) D:11
 Shoals (4/4) Lair:3        Snake (4/4) Lair:2        Slime (0/5) Lair:4
    Orc (2/2) D:11            Elf (0/3) Orc:2        Vaults (0/5) D:13
 Depths (0/4) D:15          Sewer (visited)

Shops:
D:9 (   D:13 ?   D:14 (   D:15 (   Orc:2 =*=:?   Shoals:3 =   Shoals:4 (:
Snake:2 [(!?*   Snake:4 [?*(

Annotations:
D:9 3 runed translucent doors, LaMa's ghost, novice DrIE
Snake:1 2 transporters


Innate Abilities, Weirdness & Mutations

You have an increased reservoir of magic. (+10% MP)
You shall have no god before yourself.
Your divine heritage dramatically boosts your attributes as you level up.


Message History

Confirm with . or Enter, or press ? or * to list all spells.
Aiming: Iron Shot (mildly dangerous; 1% risk of failure)
Press: ? - help, Shift-Dir - straight line, f - merfolk aquamancer
Aim: a merfolk aquamancer, wielding a +0 rapier and wearing a +0 leather armour (freezing vapour, 74% to hit)
You feel a surge of power!
The iron shot misses the merfolk aquamancer.
The merfolk aquamancer is engulfed in freezing vapours.
Unknown command.
Casting: Iron Shot (mildly dangerous; 1% risk of failure)
Confirm with . or Enter, or press ? or * to list all spells.
Aiming: Iron Shot (mildly dangerous; 1% risk of failure)
Press: ? - help, Shift-Dir - straight line, f/p - merfolk aquamancer
Aim: a merfolk aquamancer, wielding a +0 rapier and wearing a +0 leather armour (freezing vapour, moderately wounded, 74% to hit)
You feel a surge of power!
The iron shot misses the merfolk aquamancer.
The merfolk aquamancer is engulfed in freezing vapours.
The merfolk javelineer throws a silver javelin.
The silver javelin pierces through your large abomination!
The silver sears your large abomination!
Your large abomination is destroyed!
Your large abomination disappears in a puff of smoke!
The silver javelin pierces through the plant!!
The silver javelin pierces through you!
* * * LOW HITPOINT WARNING * * *
x2 Unknown command.
Casting: Iron Shot (mildly dangerous; 1% risk of failure)
Confirm with . or Enter, or press ? or * to list all spells.
Aiming: Iron Shot (mildly dangerous; 1% risk of failure)
Press: ? - help, Shift-Dir - straight line, f/p - merfolk aquamancer
Aim: a merfolk aquamancer, wielding a +0 rapier and wearing a +0 leather armour (freezing vapour, heavily wounded, 74% to hit)
You feel a surge of power!
The iron shot hits the merfolk aquamancer!!!
You kill the merfolk aquamancer!
Your large abomination disappears in a puff of smoke!
A manticore comes into view.
Unknown command.
A nearby plant withers and dies.
The merfolk javelineer throws a silver javelin.
The silver javelin pierces through you!
You die...

≈≈≈≈≈≈≈≈≈≈≈≈≈≈≈≈
≈≈≈≈≈≈≈≈≈≈≈≈≈≈≈≈≈
≈≈H≈≈≈≈≈≈≈≈≈≈≈≈≈≈≈≈≈
≈≈≈≈≈≈≈≈≈~~~~~~~~~~≈
≈≈≈≈≈≈≈~~~~........~~~~~
≈≈≈≈~~~~~............~~.
≈≈≈≈≈~~~~~....PP#..........
≈≈≈≈≈≈~~§§§@[.X.............
≈≈≈≈≈≈~~.§§§.~.~...###....⌠.⌠
≈≈≈≈≈≈≈~~.§§§.~~~..§m.###....X
≈≈≈≈≈≈~~~.....~)~..|X...P..X∩.
≈≈≈≈≈≈~~.......P.......P......
≈≈≈≈≈~~...............PPP..⌠.⌠
≈≈≈≈≈~~~....).###.....PPP....~
≈≈≈≈≈~..........###...P.....~~
≈≈≈≈≈~~~...###..PP~......~~~~~


You could see a merfolk javelineer, a nameless horror, a manticore and a
friendly tentacled monstrosity (summoned).

Vanquished Creatures
  Nikola (Shoals:3)
  Gastronok (Orc:1)
  A kraken (Shoals:1)
  Ilsuiw (Shoals:3)
  2 nagarajas (Snake:4)
  Nessos (Lair:4)
  2 eleionomae (Shoals:1)
  Snorg (D:14)
  A merfolk javelineer (Shoals:3)
  3 merfolk impalers (Shoals:3)
  Josephine (D:14)
  4 hydras
  3 salamander tyrants (Snake:4)
  A catoblepas (Lair:1)
  5 merfolk aquamancers
  5 merfolk avatars
  4 anacondas
  An ogre mage (D:13)
  4 boulder beetles
  4 satyrs
  An alligator snapping turtle (Shoals:1)
  7 centaur warriors
  10 two-headed ogres
  14 naga warriors
  6 death yaks
  3 tengu warriors
  10 naga sharpshooters
  3 shock serpents
  3 orc high priests (Orc:2)
  Urug (Lair:4)
  5 skysharks
  Sonja (Orc:2)
  3 salamander mystics
  Amaemon (Lair:3)
  5 skeletal warriors
  A glowing orange brain (D:15)
  6 naga ritualists
  10 sea snakes
  A deep elf archer (D:13)
  A lindwurm (Lair:3)
  A wizard (D:14)
  3 deep elf pyromancers
  11 harpies
  11 mana vipers
  7 orc knights
  3 deep elf zephyrmancers
  20 ugly things
  18 fauns
  2 oklob plants
  11 salamanders
  5 orc sorcerers (Orc:2)
  10 cyclopes
  13 manticores
  9 merfolk sirens
  4 guardian serpents
  28 naga magi
  6 elephants (Lair:5)
  13 slime creatures
  24 black mambas
  Maurice (D:9)
  3 centaur skeletons (D:13)
  3 gargoyles
  9 water nymphs
  20 cane toads
  Maggie (D:8)
  2 unseen horrors
  An orange demon (Lair:3)
  An efreet (D:15)
  A freezing wraith (D:14)
  A yaktaur (D:15)
  A kobold demonologist (D:12)
  A rime drake (Lair:5)
  9 komodo dragons
  8 polar bears
  3 trolls
  3 meliai
  23 merfolk
  8 wind drakes
  3 tyrant leeches (Lair:5)
  A dream sheep (shapeshifter) (D:15)
  Grinder (D:3)
  21 blink frogs
  8 snapping turtles
  A shadow (D:10)
  12 water elementals
  A vampire (D:12)
  4 basilisks
  5 wraiths (D:14)
  A centaur simulacrum (D:14)
  30 yaks
  Eustachio (D:4)
  2 wyverns
  20 vampire mosquitoes
  4 steam dragons
  5 wargs
  38 nagas
  9 water moccasins
  A swamp drake (Orc:2)
  2 ice beasts
  9 black bears
  20 orc warriors
  A sky beast (D:8)
  11 ogres
  18 wolves
  15 centaurs
  2 phantoms
  2 kobold brigands (D:6)
  19 bullfrogs
  3 scorpions
  2 gnoll sergeants
  4 wights (D:9)
  17 killer bees
  A howler monkey (D:8)
  4 electric eels
  A crimson imp (Orc:2)
  5 jellies
  Crazy Yiuf (D:3)
  23 orc priests
  4 iron imps
  A sleepcap (D:7)
  6 iguanas
  26 orc wizards
  Ijyb (D:4)
  A boggart skeleton (D:13)
  2 hound zombies (D:3)
  11 gnolls
  10 adders
  4 river rats (Sewer)
  A shadow imp (Orc:2)
  2 white imps
  An adder zombie (D:3)
  An adder skeleton (D:3)
  2 dart slugs (D:1)
  5 worms
  84 orcs
  9 endoplasms
  3 giant cockroaches
  4 goblins
  5 hobgoblins
  6 jackals
  3 quokkas
  16 ball pythons
  A ball python skeleton (D:3)
  10 bats
  5 frilled lizards
  13 kobolds
  29 rats
  3 tentacles (Shoals:1)
1033 creatures vanquished.

Vanquished Creatures (collateral kills)
  A merfolk impaler (Shoals:4)
  2 merfolk avatars (Shoals:4)
  A merfolk aquamancer (Shoals:4)
  2 satyrs (Shoals:4)
  2 sea snakes (Shoals:4)
  A harpy (Shoals:4)
  5 fauns (Shoals:4)
  A manticore (Shoals:4)
  A water nymph (Shoals:4)
  2 merfolk sirens (Shoals:4)
  2 merfolk (Shoals:4)
  A wind drake (Shoals:4)
  A snapping turtle (Shoals:4)
  4 water elementals (Shoals:4)
26 creatures vanquished.

Vanquished Creatures (others)
  A tengu conjurer (D:14)
  A naga (Snake:1)
  5 tentacles (Shoals:1)
7 creatures vanquished.

Grand Total: 1066 creatures vanquished

Notes
Turn   | Place    | Note
-------+----------+-------------------------------------------
     0 | D:1      | McKennaii the Demigod Conjurer began the quest for the Orb.
     0 | D:1      | Reached XP level 1. HP: 14/14 MP: 5/5
   452 | D:1      | Reached XP level 2. HP: 20/20 MP: 0/7
   469 | D:1      | Learned a level 2 spell: Searing Ray
  1140 | D:1      | Reached XP level 3. HP: 26/26 MP: 6/9
  1575 | D:2      | Reached XP level 4. HP: 33/33 MP: 8/11
  2096 | D:2      | Identified the +2 robe "Foyfoeh" {Stlth+}
  2918 | D:3      | Found a runed translucent door.
  2919 | D:3      | Noticed Crazy Yiuf
  3000 | D:3      | Learned a level 4 spell: Iskenderun's Mystic Blast
  3038 | D:3      | Noticed Grinder
  3048 | D:3      | Killed Grinder
  3049 | D:3      | Reached skill level 5 in Conjurations
  3049 | D:3      | Reached XP level 5. HP: 20/38 MP: 1/14
  3049 | D:3      | Reached XP level 6. HP: 24/45 MP: 1/15
  3797 | D:3      | Killed Crazy Yiuf
  3940 | D:4      | Found a staircase to the Ecumenical Temple.
  4171 | D:4      | Noticed Eustachio
  4189 | D:4      | Killed Eustachio
  4190 | D:4      | Reached skill level 5 in Spellcasting
  4190 | D:4      | Reached XP level 7. HP: 47/50 MP: 4/18
  4237 | D:4      | Noticed Ijyb
  4245 | D:4      | Killed Ijyb
  4270 | D:4      | Found a glowing drain.
  4337 | Sewer    | Entered a sewer
  5693 | D:5      | Entered Level 5 of the Dungeon
  5839 | D:5      | Noticed a steam dragon
  5843 | D:5      | Killed a steam dragon
  5844 | D:5      | Reached XP level 8. HP: 52/57 MP: 16/21
  6486 | D:5      | Learned a level 3 spell: Stone Arrow
  7240 | D:6      | Reached XP level 9. HP: 43/62 MP: 1/24
  9725 | D:8      | Noticed Maggie
  9858 | D:8      | Killed Maggie
  9859 | D:8      | Reached skill level 10 in Conjurations
 10426 | D:9      | Noticed Maurice
 10575 | D:9      | Killed Maurice
 10916 | D:9      | Reached XP level 10. HP: 69/69 MP: 22/27
 11003 | D:9      | Found a runed translucent gate.
 11004 | D:9      | Found a runed translucent gate.
 11005 | D:9      | Found a runed translucent gate.
 11235 | D:9      | Found Reej's Weapon Shop.
 11801 | D:9      | Noticed LaMa's ghost (novice DrIE)
 11837 | D:10     | Entered Level 10 of the Dungeon
 12008 | D:10     | Noticed a two-headed ogre
 12021 | D:10     | Killed a two-headed ogre
 12180 | D:10     | Noticed a two-headed ogre
 12186 | D:10     | Reached skill level 10 in Spellcasting
 12192 | D:10     | Killed a two-headed ogre
 12403 | D:10     | Noticed a two-headed ogre
 12410 | D:10     | Killed a two-headed ogre
 13027 | D:11     | Found a staircase to the Lair.
 13061 | D:11     | Noticed a cyclops
 13073 | D:11     | Killed a cyclops
 13147 | D:11     | Noticed a boulder beetle
 13335 | D:11     | Noticed a two-headed ogre
 13343 | D:11     | Killed a two-headed ogre
 13344 | D:11     | Reached XP level 11. HP: 74/74 MP: 20/30
 13580 | D:11     | Noticed a two-headed ogre
 13591 | D:11     | Killed a two-headed ogre
 14153 | D:11     | Found a staircase to the Orcish Mines.
 14515 | D:11     | Identified the +0 robe of Nemelex Xobeh's Esteem {Dex+6}
 14531 | D:11     | Killed a boulder beetle
 16207 | D:13     | Noticed a centaur warrior
 16447 | Lair:1   | Entered Level 1 of the Lair of Beasts
 16892 | Lair:1   | Noticed a catoblepas
 16897 | Lair:1   | Killed a catoblepas
 17625 | Lair:2   | Reached XP level 12. HP: 72/81 MP: 19/33
 17815 | Lair:2   | Found a staircase to the Snake Pit.
 19723 | Lair:3   | Noticed Amaemon
 20231 | Lair:3   | Killed Amaemon
 20640 | Lair:3   | Reached skill level 15 in Conjurations
 21100 | Lair:3   | Identified the +1 dagger of the Mashing Gods {vamp, rPois
                  | MP+9 Stlth+}
 21206 | Lair:2   | Reached XP level 13. HP: 47/86 MP: 0/35
 21687 | Lair:3   | Found a staircase to the Shoals.
 22805 | Lair:4   | Noticed Urug
 22808 | Lair:4   | Noticed Nessos
 22821 | Lair:4   | Killed Nessos
 22896 | Lair:4   | Killed Urug
 23454 | Lair:4   | Found a staircase to the Slime Pits.
 23590 | Lair:5   | Entered Level 5 of the Lair of Beasts
 25250 | Lair:5   | Reached skill level 15 in Spellcasting
 25831 | Lair:5   | Identified the +5 dagger of Yredelemnul, Shrinking {freeze,
                  | rElec rN+++ Dex-5 Stlth+}
 26113 | Lair:5   | Reached XP level 14. HP: 69/93 MP: 13/38
 26932 | D:13     | Paralysed by something for 4 turns
 27307 | D:13     | Found Viuhiamo's Magic Scroll Shoppe.
 27393 | D:13     | Bought a scroll of teleportation for 57 gold pieces
 27393 | D:13     | Bought 2 scrolls of teleportation for 114 gold pieces
 27393 | D:13     | Bought a scroll of teleportation for 57 gold pieces
 27393 | D:13     | Bought a scroll of enchant armour for 142 gold pieces
 27393 | D:13     | Bought a scroll of enchant armour for 142 gold pieces
 27798 | D:13     | Identified the +5 leather armour "Zakhexupp" {rPois Will+
                  | Dex+2}
 28215 | D:13     | Found a gate to the Vaults.
 29042 | D:14     | Noticed Josephine
 29057 | D:14     | Killed Josephine
 29447 | Orc:1    | Entered Level 1 of the Orcish Mines
 29447 | Orc:1    | Noticed Gastronok
 29454 | Orc:1    | Killed Gastronok
 30692 | Orc:2    | Entered Level 2 of the Orcish Mines
 30773 | Orc:2    | Noticed Sonja
 30773 | Orc:2    | Found a staircase to the Elven Halls.
 30783 | Orc:2    | Killed Sonja
 31334 | Orc:2    | Found Vaenim's Magic Scroll Emporium.
 31528 | Orc:2    | Bought a scroll of teleportation for 42 gold pieces
 31528 | Orc:2    | Bought a scroll of teleportation for 42 gold pieces
 31528 | Orc:2    | Bought a scroll of summoning for 133 gold pieces
 32120 | Orc:2    | Reached skill level 1 in Fighting
 32124 | Orc:2    | Identified the +2 hat of Thoughtfulness {+Blink}
 32375 | Orc:2    | Reached skill level 1 in Armour
 32413 | Orc:2    | Found Zidwal's Book Boutique.
 32413 | Orc:2    | Found Voset's Jewellery Shoppe.
 32417 | Orc:2    | Found Jabbik's General Store.
 32417 | Orc:2    | Found Waot's Jewellery Shoppe.
 32447 | Orc:2    | Bought the ring "Touney Ugieth" {Wiz Will+ rCorr} for 674
                  | gold pieces
 33237 | D:14     | Found Megischa's Weapon Shop.
 33260 | D:14     | Noticed Snorg
 33267 | D:14     | Killed Snorg
 33585 | D:15     | Entered Level 15 of the Dungeon
 33609 | D:15     | Reached XP level 15. HP: 96/107 MP: 9/40
 34403 | D:15     | Found Zicafud's Antique Weapon Emporium.
 34799 | D:15     | Reached skill level 5 in Fighting
 35053 | D:15     | Found a staircase to the Depths.
 35192 | Snake:1  | Entered Level 1 of the Snake Pit
 36466 | Snake:1  | Found a transporter.
 36482 | Snake:1  | Noticed a nagaraja
 36689 | Snake:1  | You fall into a shaft and drop 1 floor!
 36939 | Snake:1  | Found a transporter.
 37298 | Snake:2  | Found Uveenweerr's Armour Emporium.
 37302 | Snake:2  | Reached skill level 5 in Dodging
 37325 | Snake:2  | Learned a level 8 spell: Summon Horrible Things
 37388 | Snake:2  | Reached skill level 1 in Summonings
 37448 | Snake:2  | Bought the -1 pair of boots of Proximity {rF+ Str+4} for
                  | 284 gold pieces
 37470 | Snake:2  | Found Xyitruil's Distillery.
 37475 | Snake:2  | Bought a potion of heal wounds for 80 gold pieces
 37488 | Snake:2  | Found Caoblisi's General Store.
 37872 | Snake:2  | Found Contalud's Weapon Boutique.
 38030 | Snake:2  | Found Rugoleasm's Magic Scroll Shop.
 38083 | Snake:2  | Identified a scroll of acquirement
 38084 | Snake:2  | Acquired a book of Power
 38096 | Snake:2  | Learned a level 6 spell: Iron Shot
 38597 | Snake:3  | Reached skill level 1 in Earth Magic
 38801 | Snake:3  | Reached skill level 5 in Armour
 39708 | Snake:4  | Entered Level 4 of the Snake Pit
 39880 | Snake:4  | Reached XP level 16. HP: 88/127 MP: 11/42
 40580 | Snake:4  | Reached skill level 5 in Summonings
 41707 | Snake:4  | Found Jotunt's Magic Scroll Shoppe.
 41711 | Snake:4  | Found Qize's General Store.
 41713 | Snake:4  | Found Zikhlunao's Armour Shoppe.
 41714 | Snake:4  | Found Achyliy's Weapon Shoppe.
 42300 | Snake:4  | Got a serpentine rune of Zot
 42665 | Shoals:1 | Entered Level 1 of the Shoals
 42670 | Shoals:1 | Noticed a kraken
 42946 | Shoals:1 | Killed a kraken
 43367 | Shoals:1 | Reached skill level 5 in Earth Magic
 44862 | Shoals:2 | Learned a level 5 spell: Freezing Cloud
 45284 | Shoals:2 | Reached XP level 17. HP: 134/134 MP: 1/44
 46493 | Shoals:3 | Reached skill level 10 in Summonings
 46582 | Shoals:3 | Found Holusuda's One-of-a-Kind Rings.
 46936 | Shoals:3 | Noticed Nikola
 46960 | Shoals:3 | Killed Nikola
 47506 | Shoals:3 | Noticed Ilsuiw
 48166 | Shoals:3 | Killed Ilsuiw
 48415 | Shoals:4 | Entered Level 4 of the Shoals
 48797 | Shoals:4 | Found Misoukk's Weapon Shop.
 48991 | Shoals:4 | Found Haepunom's Vocational Training.
 49016 | Shoals:4 | Hit by a silver javelin thrown by a merfolk javelineer

Illustrated notes

Levels and vault maps discovered:
D:1:      dpeg_arrival_water_temple_mockup, layout_basic, serial_glass,
          glass_columns_a, glass_columns_b, minmay_misc_feat_secret_circle,
          chequers_serial_rivers_small_b
D:2:      layout_loops_cross, basic_altar, minmay_crystal_room,
          minmay_misc_feat_tower, ebering_dispersal_statue_hall
D:3:      layout_basic, demons_altar, serial_undead, serial_undead_a,
          serial_undead_d, serial_undead_c, serial_undead_d,
          small_statue_intersection, minmay_misc_feat_chi,
          uniq_crazy_yiuf_cottage, uniq_grinder
D:4:      layout_basic, minmay_temple_entry_grid, cheibrodos_sewer_entry_bend,
          uniq_ijyb, uniq_eustachio
D:5:      layout_cave_pods, serial_rivers, chequers_serial_rivers_small_b,
          chequers_serial_rivers_micro_d, chequers_serial_rivers_small_b,
          chequers_serial_rivers_micro_c, chequers_serial_rivers_room_b,
          grunt_ministairs_6, kennysheep_potato
D:6:      layout_basic
D:7:      layout_rooms, old_standard_altar
D:8:      layout_loops_ring, uniq_maggie
D:9:      layout_roguey, gammafunk_ghost_spectres, serial_shops,
          nicolae_stop_n_shop_2, uniq_maurice
D:10:     layout_basic, minmay_overflow_temple_hex, st_stairs_13
D:11:     layout_roguey, lair_entry_dummy, minmay_orc_entry_guard_dogs,
          serial_rivers, chequers_serial_rivers_marsh,
          chequers_serial_rivers_room_b, chequers_serial_rivers_small_a,
          chequers_serial_rivers_micro_a
D:12:     layout_roguey
D:13:     layout_stronghold, hangedman_vaults_entry_quadrant_bands,
          serial_shops, shop
D:14:     layout_grid_maze, serial_glass, glass_columns_c, glass_columns_a,
          minmay_misc_feat_diagonals, serial_shops,
          nicolae_shop_back_alley_shop, uniq_snorg, uniq_josephine
D:15:     gammafunk_enter_depths_forms, layout_cave_pods, serial_shops, shop
Lair:1:   layout_loops_ring
Lair:2:   beast_lair_carwin_large_4, layout_cave_shapes,
          minmay_snake_entry_guardpost_large, lemuel_fruit_tree
Lair:3:   layout_cave_pods, minmay_shoals_entry_hut, uniq_amaemon
Lair:4:   layout_roguey, minmay_slime_entry_pillars, serial_bayou,
          serial_bayou_pond_b, serial_bayou_pond_a, serial_bayou_shore_b,
          serial_bayou_lagoon_b, serial_bayou_shore_a, st_stairs_3, uniq_urug,
          uniq_nessos
Lair:5:   minmay_lair_end_frog_pond, layout_loops_ring, nzn_sisyphean_effort
Shoals:1: layout_shoals, nicolae_shoals_enchanted_isle
Shoals:2: layout_shoals
Shoals:3: layout_shoals, nicolae_shop_unique_rings, hangedman_shoals_cup_caves,
          uniq_ilsuiw, uniq_nikola
Shoals:4: shoals_end_grunt_garden, layout_shoals, serial_shops, shop,
          nicolae_shop_vocational, uniq_polyphemus
Snake:1:  gammafunk_the_bubble [the_bubble_gammafunk_grid], layout_chambers,
          dpeg_stationary_puzzle
Snake:2:  layout_basic, serial_shops, shop, shop, nicolae_diamond_shop, shop,
          nicolae_shop_bloodbath_and_beyond, basic_altar, serial_bayou_shore_b,
          serial_bayou_shore_b, serial_bayou_shore_b, grunt_megastairs_4
Snake:3:  layout_concentric_octagons
Snake:4:  snake_pit, layout_gridlike, minmay_shop_grid_forest
Orc:1:    layout_caves, minmay_orc_barracks, uniq_gastronok
Orc:2:    grunt_orc_tribal_feast, layout_caves, serial_shops,
          nicolae_shop_rolling_square, hangedman_minor_magic, uniq_sonja

Skill      XL: |  1  2  3  4  5  6  7  8  9 10 11 12 13 14 15 16 17 |
---------------+----------------------------------------------------+-----
Spellcasting   | 2 3 4 5 6 7 9 10 12 13 15 16 17 18 | 18.3
Conjurations   | 4 5 6 7 8 10 12 13 15 16 18 | 18.0
Fighting       | 3 7 8 |  8.0
Dodging        | 2 5 |  5.0
Armour         | 2 5 |  5.0
Summonings     | 3 9 12 | 12.2
Earth Magic    | 2 5 |  5.0
Stealth        | |  1.7

Action                     |  1- 3 |  4- 6 |  7- 9 | 10-12 | 13-15 | 16-18 || total
---------------------------+-------+-------+-------+-------+-------+-------++-------
  Melee: Unarmed           |     6 |       |       |       |       |       ||     6
         Dagger            |       |     8 |       |       |       |       ||     8
         Spear             |       |       |    13 |     1 |     9 |       ||    23
         Staff             |       |       |       |    10 |     9 |     9 ||    28
   Cast: Magic Dart        |    70 |    97 |   206 |    27 |     7 |       ||   407
         Searing Ray       |     1 |    25 |    67 |    40 |    10 |       ||   143
         Iskenderun's Myst |       |       |    19 |    68 |   146 |    33 ||   266
         Stone Arrow       |       |       |     2 |   263 |   787 |       ||  1052
         Iron Shot         |       |       |       |       |    53 |   348 ||   401
         Freezing Cloud    |       |       |       |       |       |    22 ||    22
         Summon Horrible T |       |       |       |       |       |    12 ||    12
  Evoke: Wand              |       |       |       |     4 |     2 |    10 ||    16
    Use: Scroll            |       |       |       |    11 |    32 |     9 ||    52
         Potion            |       |       |       |       |     3 |     7 ||    10
 Armour: Robe              |     6 |    12 |     3 |       |       |       ||    21
         Steam dragon scal |       |       |    23 |    58 |    67 |       ||   148
         Leather armour    |       |       |       |       |    60 |    66 ||   126
  Dodge: Dodged            |    21 |    17 |    50 |   107 |   206 |   137 ||   538
  Block: Other             |       |       |     1 |    42 |    47 |       ||    90
         Reflection        |       |       |       |     1 |    16 |       ||    17
